Map: Ancient Cistern LE

Players

A.I. 1 (Very Easy) - Winner!

  • Race: Zerg Zerg
  • Spawn Location: 1:00

MapeTheApe

  • Race: Protoss Protoss
  • League: Grandmaster
  • Spawn Location: 7:00

VOD

Have the link to the VOD?

Description

Time

  • Played on: Jan. 25, 2023, 5:32 p.m.
  • Length: 7:40
Show
View Real Time Build Order
Export as new Build Order

A.I. 1 (Very Easy) Zerg - Winner!

Build Orders: Hatch First 

Get SALT Encoding   

  12  0:01  Drone  
  13  0:12  Overlord  
  13  0:16  Drone  
  14  0:42  Hatchery  
  13  0:45  Drone  
  14  1:05  Spawning Pool  
  14  1:06  Extractor  
  14  1:08  Drone  
  13  1:16  Drone  
  14  1:23  Overlord  
  14  1:53  Zergling x2  
  14  1:54  Queen  
  15  1:55  Zergling x2  
  18  2:02  Roach Warren  
  18  2:05  Drone  
  18  2:10  Extractor  
  18  2:14  Drone  
  18  2:19  Zergling x2  
  19  2:23  Drone  
  20  2:30  Drone  
  21  2:37  Drone  
  22  2:44  Drone  
  23  2:52  Drone  
  23  2:59  Drone  
  24  3:06  Drone  
  24  3:09  Roach  
  26  3:13  Drone  
  27  3:21  Overlord  
  27  3:24  Drone  
  27  3:31  Drone  
  28  3:38  Drone  
  29  3:45  Lair  
  29  3:46  Drone  
  30  3:57  Drone  
  30  3:59  Roach  
  31  4:04  Drone  
  28  4:12  Drone  
  29  4:19  Drone  
  30  4:26  Drone  
  31  4:33  Drone  
  31  4:34  Overlord  
  32  4:40  Drone  
  32  4:42  Overseer  
  30  4:45  Overseer  
  30  4:48  Drone  
  30  4:49  Zergling x2  
  29  4:55  Drone  
  30  5:03  Drone  
  31  5:10  Drone  
  30  5:17  Drone  
  28  5:24  Drone  
  29  5:31  Drone  
  30  5:38  Extractor  
  30  5:39  Drone, Roach  
  32  5:46  Drone  
  33  5:53  Drone  
  34  5:59  Extractor  
  34  6:00  Drone  
  34  6:07  Drone  
  35  6:15  Drone  
  36  6:22  Drone  
  37  6:29  Drone, Roach  
  37  6:31  Overlord  
  40  6:36  Drone  
  41  6:43  Drone  
  42  6:49  Queen  
  42  6:50  Drone  
  41  6:55  Overlord  
  41  6:58  Drone  
  41  7:01  Overseer  
  40  7:05  Drone  
  41  7:13  Drone  
  41  7:14  Overlord  
  42  7:19  Roach  
  42  7:21  Drone  
Show
View Real Time Build Order
Export as new Build Order

MapeTheApe Protoss 

Build Orders: 1 Gate Expand, Oracle Opening 

Get SALT Encoding   

  12  0:00  Probe  
  13  0:14  Pylon  
  13  0:17  Probe (Chrono Boost)  
  14  0:26  Probe (Chrono Boost)  
  15  0:31  Probe  
  16  0:38  Gateway  
  16  0:44  Probe  
  17  0:53  Assimilator  
  17  0:56  Probe  
  18  1:08  Probe  
  19  1:20  Probe  
  20  1:26  Nexus  
  20  1:34  Cybernetics Core  
  20  1:36  Probe  
  21  1:41  Assimilator  
  21  1:48  Probe  
  21  1:52  Pylon  
  22  2:01  Probe (Chrono Boost)  
  23  2:07  Adept (Chrono Boost)  
  23  2:13  Probe (Chrono Boost)  
  26  2:18  Probe (Chrono Boost)  
  26  2:22  Stargate  
  27  2:27  Probe (Chrono Boost)  
  28  2:34  Stalker  
  30  2:38  Probe (Chrono Boost)  
  30  2:40  Warp Gate  
  32  2:45  Probe (Chrono Boost)  
  32  2:47  Probe (Chrono Boost)  
  33  2:52  Probe x2 (Chrono Boost)  
  35  3:03  Probe  
  35  3:04  Probe  
  35  3:05  Oracle (Chrono Boost)  
  40  3:15  Pylon, Probe  
  40  3:16  Probe  
  42  3:25  Gateway  
  42  3:27  Probe  
  42  3:29  Probe  
  44  3:35  Oracle (Chrono Boost)  
  44  3:39  Probe  
  44  3:41  Probe  
  49  3:49  Nexus  
  49  3:52  Pylon, Probe  
  49  3:53  Probe  
  51  3:57  Pylon  
  51  4:04  Probe  
  51  4:05  Probe  
  51  4:08  Oracle (Chrono Boost)  
  53  4:15  Assimilator  
  53  4:16  Assimilator, Probe  
  57  4:17  Probe  
  57  4:23  Twilight Council  
  58  4:25  Forge  
  58  4:28  Probe  
  58  4:29  Probe  
  60  4:33  Gateway  
  60  4:38  Gateway  
  60  4:40  Probe  
  60  4:41  Probe  
  60  4:44  Pylon  
  62  4:50  Protoss Ground Weapons Level 1 (Chrono Boost)  
  62  4:52  Probe  
  63  4:53  Probe  
  63  4:54  Pylon  
  63  4:55  Blink (Chrono Boost), Stalker x2  
  68  5:03  Probe  
  68  5:05  Probe  
  70  5:07  Probe  
  71  5:15  Probe  
  71  5:17  Probe  
  71  5:19  Probe  
  74  5:23  Gateway  
  74  5:24  Gateway  
  74  5:26  Gateway  
  74  5:27  Probe  
  75  5:29  Probe  
  75  5:32  Gateway, Probe  
  77  5:39  Probe  
  77  5:41  Probe  
  79  5:43  Sentry x2  
  79  5:44  Stalker x2  
  79  5:47  Probe  
  88  5:56  Nexus, Probe  
  89  5:57  Pylon  
  89  6:01  Robotics Facility  
  89  6:10  Probe  
  90  6:13  Assimilator  
  90  6:14  Assimilator  
  90  6:16  Stalker x4  
  98  6:19  Probe  
  98  6:25  Photon Cannon  
  99  6:27  Probe  
  99  6:28  Shield Battery  
  99  6:29  Photon Cannon  
  100  6:35  Probe  
  100  6:36  Probe  
  102  6:40  Stalker x3  
  102  6:45  Pylon  
  108  6:54  Forge  
  108  6:55  Probe  
  108  6:58  Pylon  
  109  7:03  Probe x2  
  109  7:04  Stalker x3  
  109  7:07  Pylon  
  118  7:08  Probe  
  118  7:11  Observer  
  118  7:14  Probe  
  120  7:16  Probe x2  
  120  7:20  Probe, Stalker x3  
  129  7:22  Stalker  
Tags
 
Add a new tag
Caveats
  • Supply blocks, unpowered buildings, or Contaminate may cause inaccurate times.
  • Supply counts are checked every 10 seconds.